 Dungeon Crawl Stone Soup version 0.23.2-1-ga50397a (webtiles) character file.

Game seed: 3676216077006863436

2237 Kairos the Insei (level 9, 0/54 HPs)
             Began as an Octopode Transmuter on Apr 25, 2019.
             Was a Follower of Cheibriados.
             Slain by a hound (5 damage)
             ... on level 7 of the Dungeon.
             The game lasted 00:25:27 (8926 turns).

Kairos the Insei (Octopode Transmuter)              Turns: 8926, Time: 00:25:28

Health: 0/54       AC:  1    Str: 14      XL:     9   Next: 36%
Magic:  15/15      EV: 15    Int: 18      God:    Cheibriados [*.....]
Gold:   457        SH:  7    Dex: 13 (14) Spells: 10/16 levels left

rFire    + . .     SeeInvis .     - Unarmed
rCold    . . .     Gourm    .   k - +0 buckler
rNeg     . . .     Faith    .   (helmet restricted)
rPois    .         Spirit   .   b - +3 amulet of reflection
rElec    .         Reflect  +   s - ring of protection from magic
rCorr    .         Harm     .   y - ring of protection from fire
MR       +....                  (no ring)
Stlth    ++++......             (no ring)
HPRegen  0.18/turn              (no ring)
MPRegen  0.14/turn              (no ring)
                                (no ring)
                                (no ring)

@: about to teleport, very slow
A: almost no armour, stealthy swim, amphibious, 8 rings, constrict 8, camouflage
1, gelatinous body 1
a: Bend Time, Renounce Religion


You were on level 7 of the Dungeon.
You worshipped Cheibriados.
Cheibriados was aware of your devotion.
You were hungry.

You visited 2 branches of the dungeon, and saw 8 of its levels.

You collected 457 gold pieces.

Inventory:

Missiles
 a - 150 arrows
 h - 2 tomahawks of returning (quivered)
 j - 2 silver tomahawks
 B - 5 tomahawks
 F - 7 javelins
Armour
 k - a +0 buckler (worn)
Jewellery
 b - a +3 amulet of reflection (around mantle)
 s - a ring of protection from magic (left tentacle)
 y - a ring of protection from fire (right tentacle)
Wands
 u - a wand of clouds (2)
 w - a wand of scattershot (3)
 C - a wand of acid (2)
 D - a wand of enslavement (10)
 G - a wand of polymorph (7)
Scrolls
 d - 7 scrolls of teleportation
 e - 4 scrolls of remove curse {unknown}
 g - 3 scrolls of fear {unknown}
 l - 3 scrolls of amnesia {unknown}
 o - 5 scrolls of identify {unknown}
 p - 2 scrolls of enchant weapon {unknown}
 r - 4 scrolls of enchant armour {unknown}
 v - a scroll of random uselessness {unknown}
 x - a scroll of vulnerability {unknown}
 A - a scroll of fog {unknown}
Potions
 f - 2 potions of invisibility
 i - a potion of lignification
 m - a potion of degeneration {unknown}
 n - a potion of heal wounds {unknown}
 q - a potion of berserk rage {unknown}
 t - a potion of magic {unknown}
 z - a potion of ambrosia {unknown}
 E - a potion of mutation {unknown}
Comestibles
 c - 7 rations


   Skills:
 + Level 2.2 Fighting
 + Level 0.4 Throwing
 + Level 5.1 Dodging
 + Level 6.6 Stealth
 + Level 2.8 Shields
 + Level 7.5 Unarmed Combat
 + Level 4.4 Spellcasting
 + Level 4.0 Transmutations
 + Level 2.4 Evocations


You had 10 spell levels left.
You knew the following spells:

 Your Spells              Type           Power        Failure   Level  Hunger
a - Beastly Appendage     Tmut           ###...       3%          1    None
b - Sticks to Snakes      Tmut           ###.....     4%          2    ##.....
c - Spider Form           Tmut/Pois      ##........   22%         3    ###....

Your spell library contained the following spells:

 Spells                   Type           Power        Failure   Level  Hunger
 Ice Form                 Ice/Tmut       ##......     56%         4    ####...
 Blade Hands              Tmut           ###.......   63%         5    ######.


Dungeon Overview and Level Annotations

Branches:
Dungeon (7/15)             Temple (1/1) D:6

Altars:
Ashenzari
Cheibriados
Dithmenos
Elyvilon
Fedhas
Gozag
Hepliaklqana
Makhleb
Nemelex Xobeh
Qazlal
Ru
Sif Muna
Trog
Uskayaw
Vehumet
Wu Jian
Xom
Yredelemnul
Zin
The Shining One

Shops:
D:4 :

Annotations:
D:2 Sigmund


Innate Abilities, Weirdness & Mutations

You cannot wear most types of armour.
You are very stealthy in the water. (Stealth+)
You are amphibious.
You can wear up to eight rings at the same time.
You can use your tentacles to constrict eight enemies at once.
Your skin changes colour to match your surroundings (Stealth+).
Your rubbery body absorbs attacks. (AC +1, EV +1)


Message History

The hound is almost dead.
You constrict the hound, but do no damage.
The hound closely misses you. You block the iguana's attack.
You block the gnoll's attack.
You tentacle-slap the hound.
You kill the hound!
Cheibriados thoroughly appreciates the change of pace.
A gnoll comes into view. It is wielding a -1 spear.
You block the iguana's attack.
The gnoll hits you from afar with a +0 spear.
* * * LOW HITPOINT WARNING * * *
The gnoll barely misses you.
A hound comes into view.
The iguana misses you.
As you read the scroll of teleportation, it crumbles to dust.
You feel strangely unstable. The gnoll barely misses you.
You block the hound's attack. The iguana bites you!
* * * LOW HITPOINT WARNING * * *
The hound bites you.
You die...

#.## #.. #. ##g. # #..
.g# # #.# #g# # ##.# #g#
# #. #..####.###... #
#.# #..#..l........ #
#.###....@h....5... #
#............###### #
#............# #
#.###.##.###.#
##..####.###.##.##....
##.....................
########.###....##..####
...#####†# #.####
##.......# #.#


You could see an iguana, a hound, a gnoll and a shadow imp (wandering).

Vanquished Creatures
  Eustachio (D:4)
  A hungry ghost (D:6)
  A water moccasin (D:4)
  A sky beast (D:7)
  2 ice beasts
  5 centaurs
  A bullfrog (D:6)
  2 howler monkeys (D:6)
  A quasit (D:6)
  5 crimson imps
  A bullfrog zombie (D:5)
  2 orc priests
  A bullfrog skeleton (D:5)
  6 hounds
  2 orc wizards
  Crazy Yiuf (D:4)
  2 iguanas (D:4)
  Ijyb (D:4)
  Terence (D:2)
  4 worker ants
  A hound skeleton (D:4)
  Robin (D:2)
  12 adders
  2 shadow imps
  2 oozes
  An adder skeleton (D:4)
  A dart slug (D:2)
  2 leopard geckos
  23 orcs
  8 ball pythons (D:2)
  6 giant cockroaches
  9 hobgoblins
  9 kobolds
  2 quokkas
  10 bats
  5 frilled lizards
  12 goblins
  2 goblin skeletons (D:4)
  A goblin zombie (D:4)
  4 hobgoblin zombies (D:4)
  A kobold skeleton (D:4)
  An orc skeleton (D:4)
  An orc zombie (D:4)
  A quokka skeleton (D:5)
  4 rats
162 creatures vanquished.

Vanquished Creatures (others)
  An orc wizard (D:6)
  An orc (D:6)
  2 fungi (D:6)
  3 toadstools (D:6)
7 creatures vanquished.

Grand Total: 169 creatures vanquished

Notes
Turn   | Place    | Note
-------+----------+-------------------------------------------
     0 | D:1      | Kairos the Octopode Transmuter began the quest for the Orb.
     0 | D:1      | Reached XP level 1. HP: 13/13 MP: 3/3
   149 | D:1      | Reached XP level 2. HP: 18/18 MP: 3/5
   550 | D:1      | Reached XP level 3. HP: 15/23 MP: 6/6
   610 | D:2      | Noticed Terence
   650 | D:2      | Noticed Sigmund
   718 | D:2      | Found a shimmering altar of Xom.
   736 | D:2      | Killed Terence
  1003 | D:2      | Reached skill level 1 in Stealth
  1003 | D:2      | Reached XP level 4. HP: 28/28 MP: 7/7
  1038 | D:2      | Noticed Robin
  1102 | D:2      | Reached skill level 1 in Shields
  1295 | D:2      | Killed Robin
  1371 | D:2      | Learned a level 2 spell: Sticks to Snakes
  1451 | D:2      | Reached skill level 4 in Unarmed Combat
  1451 | D:2      | Reached XP level 5. HP: 13/33 MP: 6/8
  1669 | D:2      | Found a radiant altar of Vehumet.
  1753 | D:2      | Found an ornate altar of the Wu Jian Council.
  2399 | D:3      | Found a stormy altar of Qazlal.
  3456 | D:3      | Found a blossoming altar of Fedhas.
  3544 | D:3      | Reached XP level 6. HP: 38/38 MP: 10/10
  3978 | D:4      | Noticed an ice beast
  3999 | D:4      | Noticed Ijyb
  4011 | D:4      | Killed Ijyb
  4094 | D:4      | Found Leamm's Book Shop.
  4106 | D:4      | Found a glowing golden altar of the Shining One.
  4390 | D:4      | Found a white marble altar of Elyvilon.
  4466 | D:4      | Found a runed translucent door.
  4467 | D:4      | Noticed Crazy Yiuf
  4725 | D:4      | Killed an ice beast
  4725 | D:4      | Reached skill level 5 in Unarmed Combat
  4725 | D:4      | Reached XP level 7. HP: 41/43 MP: 11/11
  4783 | D:4      | Noticed Eustachio
  4795 | D:4      | Killed Eustachio
  4795 | D:4      | Reached skill level 1 in Evocations
  5094 | D:4      | Learned a level 3 spell: Spider Form
  5279 | D:4      | Reached skill level 5 in Stealth
  5515 | D:4      | Killed Crazy Yiuf
  5592 | D:5      | Entered Level 5 of the Dungeon
  5684 | D:5      | Reached XP level 8. HP: 41/48 MP: 11/13
  5839 | D:5      | Found a bloodstained altar of Trog.
  5865 | D:5      | Reached skill level 6 in Unarmed Combat
  6461 | D:6      | Found a sacrificial altar of Ru.
  6478 | D:6      | Found a hazy altar of Hepliaklqana.
  6993 | D:6      | Found a staircase to the Ecumenical Temple.
  6998 | Temple   | Entered the Ecumenical Temple
  7220 | Temple   | Became a worshipper of Cheibriados the Contemplative
  8223 | D:6      | Reached skill level 7 in Unarmed Combat
  8223 | D:6      | Reached XP level 9. HP: 12/54 MP: 13/15
  8456 | D:6      | Reached * piety under Cheibriados
  8736 | D:6      | Reached skill level 5 in Dodging
  8780 | D:6      | Found an opulent altar of Gozag.
  8781 | D:6      | Found a basalt altar of Yredelemnul.
  8926 | D:7      | Slain by a hound

Skill      XL: |  1  2  3  4  5  6  7  8  9 |
---------------+----------------------------+-----
Stealth        | 1 2 3 4 5 6 |  6.6
Shields        | 1 2 |  2.8
Unarmed Combat | 4 5 7 |  7.5
Spellcasting   | 3 4 |  4.4
Dodging        | 3 4 5 |  5.1
Evocations     | 1 2 |  2.4
Transmutations | 3 4 |  4.0
Fighting       | 2 |  2.2
Throwing       | |  0.4

Action                   |  1- 3 |  4- 6 |  7- 9 || total
-------------------------+-------+-------+-------++-------
Melee: Unarmed           |    62 |   155 |   220 ||   437
       Constrict         |    17 |    41 |    46 ||   104
       Kick              |     5 |    20 |    27 ||    52
       Tentacles         |     9 |    20 |    45 ||    74
       Punch             |     1 |     7 |     5 ||    13
Throw: Tomahawk          |     3 |     9 |     2 ||    14
 Cast: Beastly Appendage |     6 |    16 |    21 ||    43
       Sticks to Snakes  |       |       |     4 ||     4
 Abil: Evoke Berserk Rag |     1 |       |       ||     1
Evoke: Wand              |       |    10 |    12 ||    22
  Use: Scroll            |     1 |       |     1 ||     2
       Potion            |       |     2 |     2 ||     4
 Stab: Sleeping          |     2 |    17 |     9 ||    28
  Eat: Chunk             |       |     8 |    11 ||    19
       Ration            |       |     1 |     2 ||     3
Armor: Skin              |    10 |     6 |    11 ||    27
Dodge: Dodged            |    39 |    55 |   148 ||   242
Block: Other             |     6 |       |       ||     6
       Buckler           |     9 |    17 |    71 ||    97
       Reflection        |       |       |     4 ||     4
